 Dungeon Crawl Stone Soup version 0.30-a0-719-gcc4359ea44 (webtiles) character file.

Game seed: 17390481712050964542

3383 oldmanjim the Thaumaturge (level 9, -1/48 HPs)
             Began as a Deep Elf Conjurer on Jan 25, 2023.
             Was a Follower of Okawaru.
             Killed from afar by Lodul (32 damage)
             ... with a bolt of lightning
             ... on level 10 of the Dungeon on Jan 27, 2023.
             The game lasted 00:52:48 (8835 turns).

oldmanjim the Thaumaturge (Deep Elf Conjurer)       Turns: 8835, Time: 00:52:48

Health: -1/48      AC:  5    Str:  4    XL:     9   Next: 74%
Magic:  22/35      EV: 18    Int: 28    God:    Okawaru [*.....]
Gold:   269        SH:  0    Dex: 13    Spells: 16/30 levels left

rFire   . . .      SeeInvis .    b - +5 triple crossbow (heavy)
rCold   . . .      Faith    .    (shield currently unavailable)
rNeg    . . .      Spirit   .    F - +0 leather armour {Will+}
rPois   .          Reflect  .    f - +0 helmet
rElec   .          Harm     .    (no cloak)
rCorr   .          Rampage  .    G - +0 pair of gloves
Will    +....                    (no boots)
Stlth   ++                       E - amulet of the acrobat
HPRegen 0.28/turn                k - ring of magical power
MPRegen 0.24/turn                n - +5 ring of evasion

@: no status effects
A: no striking features
a: Renounce Religion, Heroism


You were on level 10 of the Dungeon.
You worshipped Okawaru.
Okawaru was aware of your devotion.
You visited 2 branches of the dungeon, and saw 10 of its levels.

You collected 409 gold pieces.
You spent 140 gold pieces at shops.

Inventory:

Hand Weapons
 b - a +5 heavy triple crossbow (weapon)
 B - a +2 whip of electrocution
Missiles
 a - 6 curare-tipped darts
 g - 60 stones
 j - 4 silver boomerangs
 v - 26 poisoned darts
 D - 10 boomerangs
 K - a javelin
 L - a throwing net
Armour
 f - a +0 helmet (worn)
 z - +0 steam dragon scales
 F - a +0 leather armour of willpower (worn)
 G - a +0 pair of gloves (worn)
 M - a +2 buckler
Jewellery
 c - a ring of willpower
 k - a ring of magical power (left hand)
 n - a +5 ring of evasion (right hand)
 E - an amulet of the acrobat (around neck)
Wands
 r - a wand of charming (5)
 s - a wand of polymorph (3)
 y - a wand of roots (7)
 J - a wand of mindburst (16)
Scrolls
 l - 3 scrolls of magic mapping
 m - 2 scrolls of immolation
 p - 2 scrolls of noise
 q - 7 scrolls of teleportation
 u - 3 scrolls of amnesia
 w - a scroll of blinking
 x - a scroll of torment {unknown}
 A - 2 scrolls of fear
Potions
 d - 3 potions of flight {unknown}
 e - a potion of might {unknown}
 h - 3 potions of curing {unknown}
 i - 4 potions of invisibility
 o - a potion of lignification {unknown}
 t - a potion of degeneration {unknown}
 C - a potion of brilliance {unknown}
 H - a potion of attraction {unknown}
 I - 2 potions of magic
 O - 4 potions of mutation


   Skills:
 - Level 2.0 Fighting
 + Level 8.1 Ranged Weapons
 - Level 6.0 Dodging
 - Level 2.4 Stealth
 - Level 11.0 Spellcasting
 - Level 7.0 Conjurations
 - Level 4.0 Hexes
 - Level 4.0 Translocations
 - Level 3.0 Evocations


You had 16 spell levels left.
You knew the following spells:

 Your Spells              Type           Power      Damage    Failure   Level
a - Magic Dart            Conj           100%       1d8       1%          1
b - Searing Ray           Conj           100%       2d8       1%          2
c - Dazzling Flash        Conj/Hex       92%        N/A       1%          3
d - Fulminant Prism       Conj/Hex       23%        3d12      7%          4
e - Iskenderun's Mystic   Conj/Tloc      46%        2d10      7%          4

Your spell library contained the following spells:

 Spells                   Type           Power      Damage    Failure   Level
 Ensorcelled Hibernation  Hex/Ice        52%        N/A       4%          2
 Inner Flame              Hex/Fire       26%        N/A       9%          3
 Flame Wave               Conj/Fire      35%        2d10      16%         4
 Sticky Flame             Conj/Fire      35%        2d5       16%         4
 Spider Form              Tmut/Pois      15%        N/A       19%         3
 Anguish                  Hex/Necr       13%        N/A       28%         4


Dungeon Overview and Level Annotations

Branches:
Dungeon (8/15)             Temple (1/1) D:7            Lair (0/5) D:8

Altars:
Ashenzari
Cheibriados
Dithmenos
Elyvilon
Fedhas
Hepliaklqana
Kikubaaqudgha
Makhleb
Nemelex Xobeh
Okawaru
Qazlal
Ru
Sif Muna
Trog
Uskayaw
Vehumet
Wu Jian
Yredelemnul
Zin
The Shining One

Shops:
D:2 [   D:7 (

Annotations:
D:6 1 runed translucent door, Crazy Yiuf
D:10 Lodul


Message History

Casting: Iskenderun's Mystic Blast (dangerous; 7% risk of failure)
Confirm with . or Enter, or press ? or * to list all spells.
You erupt in a blast of force!
The mystic blast hits the ogre.
The ogre is lightly wounded.
The ogre is knocked back by the mystic blast.
The mystic blast hits the ogre.
You kill the ogre!
Okawaru accepts your kill.
You hear a shout!
You hear a zap.
You hear a grinding noise.
Casting: Iskenderun's Mystic Blast (dangerous; 7% risk of failure)
Confirm with . or Enter, or press ? or * to list all spells.
You erupt in a blast of force!
The mystic blast hits the ogre!
The ogre is severely wounded.
The ogre is knocked back by the mystic blast.
The ogre collides with the ogre!
The ogre is moderately wounded.
You kill the ogre!
Okawaru accepts your kill.
You can now gain great but temporary skills.
Your Ranged Weapons skill increases to level 8!
Casting: Iskenderun's Mystic Blast (dangerous; 7% risk of failure)
Confirm with . or Enter, or press ? or * to list all spells.
You erupt in a blast of force!
The mystic blast hits the ogre!
The ogre is heavily wounded.
The ogre is knocked back by the mystic blast.
You hear a shout!
Lodul lets out a whooping war cry.
The ogre misses you.
Electricity crackles from Lodul's apparatus.
The bolt of lightning hits you!!
Electricity crackles from Lodul's apparatus.
The bolt of lightning misses you.
You shoot a bolt.
Lodul says, "Productive ogre is happy ogre."
The ogre barely misses you.
Electricity crackles from Lodul's apparatus.
The bolt of lightning hits you!!
Ouch! That really hurt!
You die...

. .##.....####.#.##
.# #.....#.......#
.O###.....#.#####.#
.OO.#.......# #.#
###.#....#### #.#
#......# #.#
#.#.#### #.#
#.....#########.#
####..)).OO.OO@.#
#..#.#########
#..## #..# #...
##.## ..# ###


You could see Lodul and 3 ogres.

Vanquished Creatures
  Sigmund (D:4)
  A wraith (D:10)
  Eustachio (D:6)
  A steam dragon (D:8)
  Menkaure (D:7)
  3 sky beasts
  2 black bears
  7 ogres
  A centaur (D:8)
  A kobold brigand (D:8)
  3 scorpions
  A bullfrog (D:6)
  8 wights (D:8)
  A howler monkey (D:5)
  2 hounds
  6 orc priests
  A jelly (D:7)
  Jessica (D:3)
  An iguana (D:6)
  4 orc wizards
  Natasha (thrice) (D:3)
  Terence (D:3)
  Robin (D:3)
  4 gnolls (D:6)
  9 adders
  3 white imps
  An ufetubus (D:4)
  3 worms
  3 dart slugs
  21 orcs
  7 endoplasms
  3 giant cockroaches
  15 goblins
  7 hobgoblins
  2 jackals (D:2)
  6 quokkas
  3 training dummies (D:7)
  4 ball pythons
  4 bats
  2 frilled lizards (D:1)
  10 kobolds
  4 rats
163 creatures vanquished.

Vanquished Creatures (others)
  An orc (D:8)
  43 fulminant prisms
44 creatures vanquished.

Grand Total: 207 creatures vanquished

Notes
Turn   | Place    | Note
-------+----------+-------------------------------------------
     0 | D:1      | oldmanjim the Deep Elf Conjurer began the quest for the
                  | Orb.
     0 | D:1      | Reached XP level 1. HP: 10/10 MP: 6/6
   216 | D:1      | Found a faded altar of an unknown god.
   324 | D:1      | Reached XP level 2. HP: 15/15 MP: 5/8
  1188 | D:1      | Learned a level 2 spell: Searing Ray
  1200 | D:2      | Found Xachuol's Antique Armour Shop.
  1203 | D:2      | Reached skill level 4 in Spellcasting
  1275 | D:2      | Reached skill level 5 in Conjurations
  1275 | D:2      | Reached XP level 3. HP: 19/19 MP: 8/10
  1737 | D:2      | Reached XP level 4. HP: 24/24 MP: 12/12
  1776 | D:2      | Noticed a scorpion
  1789 | D:2      | Killed a scorpion
  1790 | D:2      | Reached skill level 5 in Spellcasting
  1890 | D:2      | Found a shadowy altar of Dithmenos.
  2020 | D:3      | Noticed Jessica
  2026 | D:3      | Killed Jessica
  2027 | D:3      | Reached XP level 5. HP: 28/28 MP: 15/15
  2121 | D:2      | Learned a level 3 spell: Dazzling Flash
  2141 | D:3      | Noticed Robin
  2382 | D:3      | Noticed Terence
  2393 | D:3      | Killed Terence
  2394 | D:3      | Reached skill level 6 in Spellcasting
  2543 | D:3      | Killed Robin
  2598 | D:3      | Noticed Natasha
  2600 | D:3      | Killed Natasha
  2688 | D:3      | Learned a level 4 spell: Fulminant Prism
  2807 | D:3      | Reached XP level 6. HP: 32/32 MP: 17/17
  3084 | D:3      | Noticed Natasha
  3088 | D:3      | Killed Natasha
  3143 | D:3      | Noticed Natasha
  3147 | D:3      | Killed Natasha
  3148 | D:3      | Reached skill level 1 in Hexes
  3845 | D:4      | Reached skill level 7 in Spellcasting
  3845 | D:4      | Reached XP level 7. HP: 36/36 MP: 15/19
  4240 | D:4      | Noticed Sigmund
  4249 | D:4      | Killed Sigmund
  4250 | D:4      | Reached skill level 8 in Spellcasting
  4250 | D:4      | Reached skill level 1 in Evocations
  4255 | D:4      | Learned a level 4 spell: Iskenderun's Mystic Blast
  4601 | D:4      | Upgraded the game from 0.30-a0-718-geaa24f58ff to
                  | 0.30-a0-719-gcc4359ea44
  4620 | D:5      | Entered Level 5 of the Dungeon
  4629 | D:5      | Reached skill level 1 in Fighting
  4828 | D:5      | Reached skill level 1 in Translocations
  4891 | D:5      | Reached XP level 8. HP: 43/43 MP: 22/22
  5192 | D:5      | Found a snail-covered altar of Cheibriados.
  5192 | D:5      | Found a shimmering blue altar of Sif Muna.
  5454 | D:5      | Found a sacrificial altar of Ru.
  5617 | D:6      | Noticed Eustachio
  5622 | D:6      | Killed Eustachio
  5913 | D:6      | Reached skill level 9 in Spellcasting
  6424 | D:6      | Reached skill level 5 in Dodging
  6567 | D:6      | Found a runed translucent door.
  6568 | D:6      | Noticed Crazy Yiuf
  7038 | D:7      | Reached skill level 10 in Spellcasting
  7188 | D:7      | Noticed Menkaure
  7193 | D:7      | Killed Menkaure
  7313 | D:7      | Reached XP level 9. HP: 36/48 MP: 20/25
  7396 | D:7      | Found Xoet's Firing Range.
  7403 | D:7      | Bought a +0 triple crossbow for 140 gold pieces
  7624 | D:7      | Found a staircase to the Ecumenical Temple.
  7674 | D:7      | Identified the +5 rapier "Helutat" {holy, rPois Int+4}
  7779 | D:8      | Reached skill level 1 in Ranged Weapons
  7921 | D:8      | Reached skill level 11 in Spellcasting
  8182 | Temple   | Entered the Ecumenical Temple
  8291 | Temple   | Became a worshipper of Warmaster Okawaru
  8328 | D:7      | Reached skill level 5 in Ranged Weapons
  8490 | D:8      | Found a staircase to the Lair.
  8530 | D:8      | Found a broken altar of Ashenzari.
  8747 | D:8      | You fall into a shaft and drop 2 floors!
  8747 | D:10     | Entered Level 10 of the Dungeon
  8806 | D:10     | Noticed Lodul
  8825 | D:10     | Reached * piety under Okawaru
  8835 | D:10     | Killed from afar by Lodul

Illustrated notes

Levels and vault maps discovered:
D:1:      roderic_crossed_star, layout_basic, chequers_ecumenical_altar_grove,
          hangedman_decor_growths, minmay_misc_feat_tower
D:2:      layout_rooms, serial_shops, nicolae_shop_crystal, basic_altar
D:3:      layout_basic, kennysheep_generic_room_8, uniq_jessica, uniq_natasha,
          uniq_robin, uniq_terence
D:4:      layout_basic, kennysheep_donut, uniq_sigmund
D:5:      layout_basic, lemuel_coloured_pillars_altar,
          chequers_temple_overflow_statue_of_worship
D:6:      layout_loops_ring, grunt_ministairs_5, uniq_crazy_yiuf_cottage,
          uniq_eustachio
D:7:      layout_rooms, temple_statues, solitary_fountain,
          nicolae_shop_firing_range, uniq_menkaure
D:8:      layout_rooms, nicolae_ashenzari_skybound, lair_entry_dummy,
          st_stairs_13
D:10:     layout_basic, nicolae_gozag_cash_rules_everything_around_me,
          xom_butterflies, orc_0_dummy, serial_shops, shop_fountains,
          uniq_snorg, uniq_lodul
Temple:   nicolae_temple_superstar

Skill      XL: |  1  2  3  4  5  6  7  8  9 |
---------------+----------------------------+-----
Spellcasting   | 4 5 6 7 8 10 11 | 11.0
Conjurations   | 5 6 7 |  7.0
Hexes          | 2 3 4 |  4.0
Dodging        | 3 4 5 6 |  6.0
Evocations     | 2 3 |  3.0
Fighting       | 1 2 |  2.0
Translocations | 1 4 |  4.0
Ranged Weapons | 8 |  8.1
Stealth        | |  2.4

Action                     |  1- 3 |  4- 6 |  7- 9 || total
---------------------------+-------+-------+-------++-------
   Fire: Triple crossbow   |       |       |    19 ||    19
   Cast: Magic Dart        |    65 |    72 |    37 ||   174
         Searing Ray       |     6 |    13 |    26 ||    45
         Fulminant Prism   |       |     3 |    40 ||    43
         Iskenderun's Myst |       |       |    26 ||    26
         Dazzling Flash    |       |       |     1 ||     1
    Use: Scroll            |       |       |    19 ||    19
 Armour: Robe              |       |     1 |     1 ||     2
         Leather armour    |       |       |     2 ||     2
  Dodge: Dodged            |     2 |     9 |    52 ||    63

Table legend: (Time is in decaauts)
 A = Elapsed time spent in this place.
 B = Non-inter-level travel time spent in this place.
 C = Inter-level travel time spent in this place.
 D = Time resting spent in this place.
 E = Time spent auto-exploring this place.
 F = Levels seen in this place.
 G = Mean time per level.
                   A        B        C        D        E       F      G
               +--------+--------+--------+--------+--------+-----+--------+
         Total |   8892 |   8275 |    617 |    364 |   6824 |  10 |  889.2 |
       Dungeon |   8770 |   8184 |    586 |    364 |   6751 |   9 |  974.4 |
        Temple |    121 |     90 |     31 |      0 |     73 |   1 |  121.0 |
               +--------+--------+--------+--------+--------+-----+--------+

Top non-repeatable levels by time:
     D:6: 1478 daAuts
     D:3: 1451 daAuts
     D:1: 1199 daAuts
     D:5: 1078 daAuts
     D:2: 1015 daAuts
     D:4: 968 daAuts
     D:7: 835 daAuts
     D:8: 652 daAuts
  Temple: 121 daAuts
    D:10: 89 daAuts
